 Dungeon Crawl Stone Soup version 0.28-a0-1312-g71652a0310 (webtiles) character file.

Game seed: 8337959194448626254

62 gimp the Skirmisher (level 3, -2/34 HPs)
             Began as a Demigod Wanderer on Dec 27, 2021.
             Slain by a gnoll (14 damage)
             ... on level 2 of the Dungeon.
             The game lasted 00:02:01 (1933 turns).

gimp the Skirmisher (Demigod Wanderer)              Turns: 1933, Time: 00:02:01

Health: -2/34      AC:  3    Str: 13    XL:     3   Next: 60%
Magic:  6/6        EV: 12    Int: 16    God:
Gold:   74         SH:  0    Dex: 15    Spells: 4/4 levels left

rFire   . . .      SeeInvis .   a - +1 quarterstaff
rCold   . . .      Faith    .   (shield currently unavailable)
rNeg    . . .      Spirit   .   c - +0 leather armour
rPois   .          Reflect  .   (no helmet)
rElec   .          Harm     .   (no cloak)
rCorr   .          Rampage  .   (no gloves)
Will    .....                   (no boots)
Stlth   +.........              (no amulet)
HPRegen 0.11/turn               (no ring)
MPRegen 0.10/turn               (no ring)

@: no status effects
A: high mp 1, forlorn, divine attributes
a: no special abilities


You were on level 2 of the Dungeon.
You visited 1 branch of the dungeon, and saw 2 of its levels.

You collected 74 gold pieces.

Inventory:

Hand Weapons
 a - a +1 quarterstaff (weapon)
Armour
 c - a +0 leather armour (worn)
Wands
 b - a wand of flame (17) (quivered)
Scrolls
 e - a scroll of enchant weapon {unknown}
 f - a scroll of teleportation {unknown}
 h - 3 scrolls of identify {unknown}
 i - a scroll of brand weapon {unknown}
Potions
 d - a potion of berserk rage {unknown}
 g - a potion of curing {unknown}


   Skills:
 + Level 4.3 Fighting
 - Level 2.6 Staves
 + Level 2.1 Dodging
 - Level 1.0 Spellcasting
 - Level 1.7 Evocations


You had 4 spell levels left.
You didn't know any spells.
Your spell library contained the following spells:

 Spells                   Type           Power      Damage    Failure   Level
 Portal Projectile        Hex/Tloc       0%         N/A       65%         3
 Blade Hands              Tmut           0%         N/A       100%        5
 Excruciating Wounds      Necr           0%         N/A       100%        5


Dungeon Overview and Level Annotations

Branches:
Dungeon (2/15)


Innate Abilities, Weirdness & Mutations

You have an increased reservoir of magic. (+10% MP)
You shall have no god before yourself.
Your divine heritage dramatically boosts your attributes as you level up.


Message History

A hobgoblin is nearby!
A hobgoblin is nearby!
A kobold comes into view. It is wielding a +0 short sword.
The kobold shouts!
The hobgoblin hits you.
You take 2 damage, and have 32/34 hp.
You hit the hobgoblin.
You kill the hobgoblin!
You hit the kobold but do no damage. The kobold closely misses you.
You hit the kobold.
You kill the kobold!
No target in view!
Things that are here:
a +0 short sword; a hobgoblin corpse
i - a scroll labelled DAOSUI ONUINAY Health restored: 34 You pick up a book of Weapons and begin reading...
You add the spells Portal Projectile, Excruciating Wounds and Blade Hands to your library.
Found a hunting sling.
Okay, then.
You see here a +0 leather armour.
You now have 74 gold pieces (gained 12).
h - 2 scrolls labelled ROIMERAESY (gained 1)
h - 3 scrolls labelled ROIMERAESY (gained 1)
There is a stone staircase leading up here.
A gnoll comes into view. It is wielding a +0 whip.
The gnoll shouts!
A gnoll comes into view. It is wielding a +0 flail.
A gnoll comes into view. It is wielding a +0 halberd.
You see here a +0 flail.
The gnoll shouts! x2
You see here a +0 flail.
You closely miss the gnoll. The gnoll hits you with a +0 whip.
The gnoll hits you from afar with a +0 halberd!
You take 16 damage, and have 18/34 hp.
MASSIVE DAMAGE!!
You hit the gnoll.
The gnoll is heavily wounded.
The gnoll hits you with a +0 whip.
The gnoll hits you from afar with a +0 halberd!
You die...

#######.....)..#.#
#.#......#.#
#.#......#.# ##
#.#......#.# .#
##.#......#^#
.#####.........#.#
........#......#.#
.....#..########.#
..(.....<# #@#
.......#.## #g#
.......#..# #g#
.......##.######g#
.......##.#...##.#
.....#.##.....##.##
..<....####...##..#
........###...###.#
..................##


You could see 3 gnolls.

Vanquished Creatures
  A gnoll (D:2)
  An adder (D:2)
  2 dart slugs (D:1)
  4 endoplasms
  A giant cockroach (D:2)
  5 goblins
  3 hobgoblins
  2 quokkas (D:2)
  4 ball pythons
  A bat (D:2)
  5 frilled lizards (D:1)
  6 kobolds
  5 rats
40 creatures vanquished.

Notes
Turn   | Place    | Note
-------+----------+-------------------------------------------
     0 | D:1      | gimp the Demigod Wanderer began the quest for the Orb.
     0 | D:1      | gimp set off with the following items: a +1 quarterstaff, a
                  | wand of flame (17), a +0 leather armour
     0 | D:1      | Reached XP level 1. HP: 19/19 MP: 4/4
   157 | D:1      | Reached skill level 1 in Dodging
   212 | D:1      | Reached XP level 2. HP: 27/27 MP: 5/5
   612 | D:1      | Reached skill level 4 in Fighting
  1217 | D:2      | Reached XP level 3. HP: 15/33 MP: 6/6
  1933 | D:2      | Slain by a gnoll

Illustrated notes

Levels and vault maps discovered:
D:1:      eino_arrival_water_cross, layout_basic, serial_glass, glass_columns_a,
          glass_columns_c, glass_columns_b, glass_columns_a, glass_columns_a,
          ebering_ecumenical_altar_sacrificial, serial_bayou_pond_c,
          nrook_loot_triangle
D:2:      layout_rooms

Skill      XL: |  1  2  3 |
---------------+----------+-----
Dodging        | 1 2 |  2.1
Fighting       | 4 |  4.3
Staves         | |  2.6
Spellcasting   | |  1.0
Evocations     | |  1.7

Action                   || total
-------------------------++-------
Melee: Quarterstaff      ||   107
 Stab: Sleeping          ||     1
Armor: Leather armour    ||    31
Dodge: Dodged            ||    68

Table legend: (Time is in decaauts)
 A = Elapsed time spent in this place.
 B = Non-inter-level travel time spent in this place.
 C = Inter-level travel time spent in this place.
 D = Time resting spent in this place.
 E = Time spent auto-exploring this place.
 F = Levels seen in this place.
 G = Mean time per level.
                   A        B        C        D        E       F      G
               +--------+--------+--------+--------+--------+-----+--------+
         Total |   1954 |   1896 |     58 |    306 |   1269 |   2 |  977.0 |
       Dungeon |   1954 |   1896 |     58 |    306 |   1269 |   2 |  977.0 |
               +--------+--------+--------+--------+--------+-----+--------+

Top non-repeatable levels by time:
     D:1: 1212 daAuts
     D:2: 741 daAuts
